 Dungeon Crawl Stone Soup version 0.26.1-11-gd32895ea62 (webtiles) character file.

Game seed: 17747366274399648578

39 unlimited1921 the Magician (level 3, -2/26 HPs)
             Began as a Demonspawn Hedge Wizard on July 21, 2021.
             Slain by a worm (7 damage)
             ... on level 2 of the Dungeon.
             The game lasted 00:17:13 (2611 turns).

unlimited1921 the Magician (DsWz)                   Turns: 2611, Time: 00:17:14

Health: -2/26      AC:  2    Str: 11    XL:     3   Next: 26%
Magic:  8/8        EV: 12    Int: 15    God:
Gold:   71         SH:  0    Dex: 12    Spells: 8/9 levels left

rFire    . . .     SeeInvis .   k - +0 short sword
rCold    . . .     Faith    .   (no shield)
rNeg     . . .     Spirit   .   b - +0 robe
rPois    .         Reflect  .   c - +0 hat
rElec    .         Harm     .   (no cloak)
rCorr    .         Rampage  .   (no gloves)
Will     .....                  (no boots)
Stlth    ++........             (no amulet)
HPRegen  0.08/turn              (no ring)
MPRegen  0.11/turn              (no ring)

@: no status effects
A: talons 2
a: no special abilities


You were on level 2 of the Dungeon.
You visited 1 branch of the dungeon, and saw 2 of its levels.

You collected 71 gold pieces.

Inventory:

Hand Weapons
 a - a +0 dagger
 k - a +0 short sword (weapon)
 r - a +0 whip
Missiles
 f - 36 stones
 h - 2 atropa-tipped darts
 i - 53 arrows
 n - 7 poisoned darts
Armour
 b - a +0 robe (worn)
 c - a +0 hat (worn)
 s - a +2 leather armour of fire resistance
Jewellery
 m - a cursed ring of positive energy {unknown}
Scrolls
 j - a scroll of random uselessness {unknown}
 l - a scroll of amnesia {unknown}
 q - 2 scrolls of teleportation {unknown}
Potions
 d - a potion of lignification {unknown}
 e - a potion of resistance {unknown}
 g - 2 potions of might {unknown}
 o - a potion of curing {unknown}
 p - a potion of degeneration {unknown}
 t - a potion of attraction {unknown}


   Skills:
 * Level 1.3 Fighting
 * Level 1.9 Dodging
 + Level 2.1 Stealth
 + Level 3.5 Spellcasting
 + Level 1.1 Conjurations
 + Level 1.0 Summonings
 + Level 0.8 Translocations


You had 8 spell levels left.
You knew the following spells:

 Your Spells              Type           Power        Failure   Level
a - Magic Dart            Conj           24%          12%         1

Your spell library contained the following spells:

 Spells                   Type           Power        Failure   Level
 Call Imp                 Summ           5%           19%         2
 Blink                    Tloc           N/A          21%         2
 Slow                     Hex            2%           28%         2
 Conjure Flame            Conj/Fire      4%           41%         3
 Mephitic Cloud           Conj/Pois/Air  3%           43%         3


Dungeon Overview and Level Annotations

Branches:
Dungeon (2/15)

Altars:

Annotations:
D:2 Robin


Innate Abilities, Weirdness & Mutations

You have razor-sharp toenails.


Message History

The hobgoblin goes into a battle-frenzy!
The hobgoblin hits you.
* * * LOW HITPOINT WARNING * * *
The hobgoblin closely misses you.
The hobgoblin no longer looks unusually strong.
Robin roars a battlecry!
The hobgoblin goes into a battle-frenzy!
Robin's bangles clink loudly.
A worm comes into view.
The hobgoblin no longer looks unusually strong.
Robin roars a battlecry!
The hobgoblin goes into a battle-frenzy!
You hit the worm.
The worm is lightly wounded.
The hobgoblin misses you. The worm misses you.
You hit the worm. Your kick misses the worm.
The worm is lightly wounded.
The hobgoblin hits you but does no damage.
The worm bites you!
You die...

....#..........#
#.##########.
..###..........# #.# .
..###..........# #.# .
....#..........# #.#
#.#.#..........# #.#
#.#....######### #.#
..#..#.# #.# #.#..#.#
############.# ..#..#..
......w@gg...#
..#..##################
..#..# ..#..# ###..#
.....# ####.# .....#
######


You could see a worm, Robin and a hobgoblin (strong).

Vanquished Creatures
  A gnoll (D:2)
  A dart slug (D:2)
  A leopard gecko (D:1)
  A giant cockroach (D:2)
  7 goblins
  4 hobgoblins (D:1)
  A quokka (D:2)
  2 bats (D:1)
  4 frilled lizards
  A kobold (D:1)
  2 rats (D:2)
25 creatures vanquished.

Notes
Turn   | Place    | Note
-------+----------+-------------------------------------------
     0 | D:1      | unlimited1921 the Demonspawn Hedge Wizard began the quest
                  | for the Orb.
     0 | D:1      | Reached XP level 1. HP: 13/13 MP: 4/4
   682 | D:1      | Gained mutation: You have sharp toenails. [demonic
                  | ancestry]
   682 | D:1      | Reached XP level 2. HP: 12/20 MP: 0/6
  2042 | D:2      | Reached skill level 1 in Fighting
  2111 | D:2      | Gained mutation: You have razor-sharp toenails. [demonic
                  | ancestry]
  2111 | D:2      | Reached XP level 3. HP: 26/26 MP: 1/8
  2537 | D:2      | Noticed Robin
  2611 | D:2      | Slain by a worm

Illustrated notes

Levels and vault maps discovered:
D:1:      roderic_chinese_lattice_arrival, layout_loops_corners,
          minmay_heptomino_l4
D:2:      layout_basic, st_stairs_5, uniq_robin

Skill      XL: |  1  2 |
---------------+-------+-----
Stealth        | 2 |  2.1
Fighting       | 1 |  1.3
Dodging        | |  1.9
Spellcasting   | |  3.5
Conjurations   | |  1.1
Summonings     | |  1.0
Translocations | |  0.8

Action                   || total
-------------------------++-------
Melee: Dagger            ||     2
       Short sword       ||    31
       Kick              ||     2
 Cast: Magic Dart        ||    44
 Stab: Sleeping          ||     3
Armor: Robe              ||     8
Dodge: Dodged            ||    21
